 Dungeon Crawl Stone Soup version 0.29-a0-553-g81b289dbe5 (webtiles) character file.

Game seed: 4196610038936827124

1780 kae the Firebug (level 8, -5/57 HPs)
             Began as a Demigod Fire Elementalist on June 6, 2022.
             Slain by an iguana (13 damage)
             ... on level 6 of the Dungeon.
             The game lasted 00:05:16 (7449 turns).

kae the Firebug (Demigod Fire Elementalist)         Turns: 7449, Time: 00:05:17

Health: -5/57      AC:  3    Str:  9    XL:     8   Next: 51%
Magic:  3/18       EV: 12    Int: 29    God:
Gold:   427        SH:  0    Dex: 14    Spells: 7/16 levels left

rFire   + . .      SeeInvis .   e - +7 scimitar "Rujef" {flame, rF+ Will+ rCorr Int+4}
rCold   . . .      Faith    .   (no shield)
rNeg    . . .      Spirit   .   a - +0 robe
rPois   .          Reflect  .   d - +0 helmet
rElec   .          Harm     .   (no cloak)
rCorr   +          Rampage  .   (no gloves)
Will    +....                   (no boots)
Stlth   ++........              (no amulet)
HPRegen 0.19/turn               o - ring of flight
MPRegen 0.16/turn               q - ring of wizardry

@: flying
A: high MP 1, forlorn, divine attributes
a: no special abilities


You were on level 6 of the Dungeon.
You visited 1 branch of the dungeon, and saw 6 of its levels.
You also visited: Ossuary.

You collected 427 gold pieces.

Inventory:

Hand Weapons
 e - the +7 scimitar "Rujef" (weapon) {flame, rF+ Will+ rCorr Int+4}
   (You found it on level 2 of the Dungeon)

   It burns those it strikes, dealing additional fire damage.
   Big, fiery blades are also staple armaments of hydra-hunters.
   Int:       It affects your intelligence (+4).
   rF:        It protects you from fire.
   rCorr:     It protects you from acid and corrosion.
   Will:      It increases your willpower.
 h - a +0 whip
Armour
 a - a +0 robe (worn)
 d - a +0 helmet (worn)
 t - a +0 pair of gloves
Jewellery
 o - a ring of flight (left hand)
 q - a ring of wizardry (right hand)
Wands
 j - a wand of polymorph (6)
Scrolls
 i - 2 scrolls of blinking
 l - a scroll of amnesia
 m - 4 scrolls of fog
 p - 4 scrolls of teleportation
 s - a scroll of magic mapping
 u - a scroll of fear
Potions
 b - a potion of magic
 c - a potion of lignification
 f - 2 potions of might
 g - 3 potions of curing
 k - 3 potions of attraction {unknown}
 n - 2 potions of mutation {unknown}
 r - 2 potions of flight {unknown}
 x - a potion of degeneration {unknown}
 z - 2 potions of brilliance {unknown}


   Skills:
 - Level 1.7 Dodging
 - Level 1.7 Stealth
 + Level 4.5 Spellcasting
 * Level 6.5 Conjurations
 * Level 7.1 Fire Magic


You had 7 spell levels left.
You knew the following spells:

 Your Spells              Type           Power      Damage    Failure   Level
a - Foxfire               Conj/Fire      100%       2x1d9     1%          1
b - Scorch                Fire           96%        2d9       1%          2
c - Conjure Flame         Conj/Fire      46%        6-21      1%          3
d - Inner Flame           Hex/Fire       27%        N/A       1%          3

Your spell library contained the following spells:

 Spells                   Type           Power      Damage    Failure   Level
 Flame Wave               Conj/Fire      46%        2d10      1%          4


Dungeon Overview and Level Annotations

Branches:
Dungeon (6/15)            Ossuary (visited)
 Temple: D:4-7


Innate Abilities, Weirdness & Mutations

You have an increased reservoir of magic. (+10% MP)
You shall have no god before yourself.
Your divine heritage dramatically boosts your attributes as you level up.


Message History

You are too injured to fight recklessly!
You are too injured to fight recklessly!
You are too injured to fight recklessly!
You are too injured to fight recklessly!
You slash the scorpion! You burn the scorpion.
The scorpion is almost dead.
The scorpion stings you!
* * * LOW HITPOINT WARNING * * *
The scorpion closely misses you.
You slash the scorpion! You burn the scorpion.
You kill the scorpion!
The orc wizard points at you and mumbles some strange words.
The puff of flame hits you. You resist.
* * * LOW HITPOINT WARNING * * *
You feel better.
The orc wizard hits you with a +2 dagger of speed.
* * * LOW HITPOINT WARNING * * *
You hit the orc wizard but do no damage.
The orc wizard is severely wounded.
The orc wizard hits you with a +2 dagger of speed.
* * * LOW HITPOINT WARNING * * *
The orc wizard closely misses you.
You slash the orc wizard! You burn the orc wizard.
You kill the orc wizard!
You hit the iguana but do no damage. The iguana barely misses you.
The iguana bites you.
* * * LOW HITPOINT WARNING * * *
You closely miss the iguana. The iguana closely misses you.
You hit the iguana but do no damage. The iguana bites you!
* * * LOW HITPOINT WARNING * * *
You feel better. The iguana bites you.
* * * LOW HITPOINT WARNING * * *
Casting: Scorch (safe; 1% risk of failure)
Confirm with . or Enter, or press ? or * to list all spells.
Flames lash the iguana.
The iguana is moderately wounded.
The iguana's fire resistance burns away.
The iguana bites you but does no damage.
The iguana bites you!
You die...

#### ... ###.## #..
....#..... #####.###..#.#
#####..........#.#
..............##.#
....#.###.# #.##@# # .
.<........###.##l##.#...#
....#.###.......#........
....#.###.###.##.#####..#
#.###.#.#.# #.##l#
.......#..###.##>#
#.##..###.....##..
#.##.#.#......####
#.##.#....##..#


You could see an iguana (combustible).

Vanquished Creatures
  Menkaure (D:4)
  A black bear (D:5)
  3 phantoms
  An elf zombie (D:5)
  An elf skeleton (D:5)
  2 necrophages
  3 scorpions
  2 howler monkeys
  4 hounds
  3 jellies
  A human zombie (D:5)
  2 orc priests
  4 iguanas
  A human skeleton (D:5)
  2 orc wizards
  8 mummies (Ossuary)
  5 gnolls
  10 adders
  A shadow imp (D:5)
  A worm (D:2)
  2 dart slugs
  19 orcs
  7 endoplasms
  3 giant cockroaches
  A gnoll zombie (Ossuary)
  6 goblins
  5 hobgoblins
  3 jackals (D:4)
  8 kobolds
  4 quokkas
  2 ball pythons
  11 bats
  7 frilled lizards
  3 hobgoblin zombies (Ossuary)
  3 kobold zombies (Ossuary)
  2 orc skeletons (D:5)
  An orc zombie (Ossuary)
  3 rats
146 creatures vanquished.

Vanquished Creatures (others)
  421 foxfires
421 creatures vanquished.

Grand Total: 567 creatures vanquished

Notes
Turn   | Place    | Note
-------+----------+-------------------------------------------
     0 | D:1      | kae the Demigod Fire Elementalist began the quest for the
                  | Orb.
     0 | D:1      | Reached XP level 1. HP: 14/14 MP: 5/5
    52 | D:1      | Reached skill level 1 in Conjurations
   468 | D:1      | Reached XP level 2. HP: 20/20 MP: 5/7
   472 | D:1      | Reached skill level 3 in Fire Magic
  1115 | D:2      | Learned a level 2 spell: Scorch
  1277 | D:2      | Identified the +7 scimitar "Rujef" {flame, rF+ Will+ rCorr
                  | Int+4}
  1814 | D:2      | Reached XP level 3. HP: 19/26 MP: 2/8
  2030 | D:2      | Learned a level 3 spell: Conjure Flame
  2503 | D:2      | Reached XP level 4. HP: 6/33 MP: 1/10
  3540 | D:3      | Reached skill level 4 in Fire Magic
  3540 | D:3      | Reached XP level 5. HP: 25/38 MP: 7/11
  3692 | D:3      | Found the +3 woodcutter's axe {vorpal}
  4399 | D:4      | Noticed Menkaure
  4490 | D:4      | Killed Menkaure
  4491 | D:4      | Reached XP level 6. HP: 38/45 MP: 4/13
  5141 | D:4      | Reached skill level 5 in Fire Magic
  5337 | D:5      | Entered Level 5 of the Dungeon
  5368 | D:5      | Learned a level 3 spell: Inner Flame
  5419 | D:5      | Reached XP level 7. HP: 40/50 MP: 4/15
  5815 | D:5      | Reached skill level 5 in Conjurations
  5907 | D:5      | Found a sand-covered staircase.
  5915 | D:5      | Reached skill level 6 in Fire Magic
  5941 | Ossuary  | Entered an ossuary
  6416 | D:5      | Reached XP level 8. HP: 37/57 MP: 5/17
  7432 | D:6      | Reached skill level 7 in Fire Magic
  7446 | D:6      | HP: 2/57 [iguana (9)]
  7449 | D:6      | Slain by an iguana

Illustrated notes

Levels and vault maps discovered:
D:1:      dpeg_arrival_court, layout_rooms, kennysheep_crisscross
D:2:      layout_loops_corners
D:3:      minmay_skewed_foursquare, layout_basic,
          shapermc_ecumenical_altar_pompeii
D:4:      layout_basic, uniq_menkaure
D:5:      layout_basic, overflow_temple_1_default,
          nicolae_ossuary_entry_catacombs, grunt_ministairs_13,
          roderic_lattice_a, kennysheep_generic_room_12
D:6:      gammafunk_cloud_chamber, layout_loops_ring, minmay_temple_entry_trees,
          uniq_crazy_yiuf_cottage

Skill      XL: |  1  2  3  4  5  6  7  8 |
---------------+-------------------------+-----
Conjurations   | 1 2 3 4 5 6 |  6.5
Fire Magic     | 3 4 5 6 7 |  7.1
Spellcasting   | 2 3 4 |  4.5
Dodging        | |  1.7
Stealth        | |  1.7

Action                   |  1- 3 |  4- 6 |  7- 9 || total
-------------------------+-------+-------+-------++-------
Melee: Scimitar          |     5 |     6 |    25 ||    36
 Cast: Foxfire           |    62 |   106 |    80 ||   248
       Scorch            |    14 |    22 |    44 ||    80
  Use: Scroll            |     9 |       |     4 ||    13
       Potion            |       |       |     2 ||     2
Armor: Robe              |     6 |     2 |     6 ||    14
Dodge: Dodged            |    31 |    17 |    52 ||   100

Table legend: (Time is in decaauts)
 A = Elapsed time spent in this place.
 B = Non-inter-level travel time spent in this place.
 C = Inter-level travel time spent in this place.
 D = Time resting spent in this place.
 E = Time spent auto-exploring this place.
 F = Levels seen in this place.
 G = Mean time per level.
                   A        B        C        D        E       F      G
               +--------+--------+--------+--------+--------+-----+--------+
         Total |   7462 |   7292 |    170 |    614 |   5515 |   7 | 1066.0 |
       Dungeon |   7004 |   6834 |    170 |    522 |   5286 |   6 | 1167.3 |
       Ossuary |    457 |    457 |      0 |     92 |    229 |   1 |  457.0 |
               +--------+--------+--------+--------+--------+-----+--------+

Top non-repeatable levels by time:
     D:2: 1925 daAuts
     D:3: 1622 daAuts
     D:5: 1465 daAuts
     D:1: 903 daAuts
     D:4: 890 daAuts
 Ossuary: 457 daAuts
     D:6: 197 daAuts
